 Dungeon Crawl Stone Soup version 0.27.1 (webtiles) character file.

Game seed: 17899491186364433293

60 AIAndy the Covert (level 4, 0/41 HPs)
             Began as a Gnoll Delver on Aug 26, 2021.
             Slain by a jelly (3 damage)
             ... on level 5 of the Dungeon.
             The game lasted 00:03:57 (639 turns).

AIAndy the Covert (Gnoll Delver)                     Turns: 639, Time: 00:03:57

Health: 0/41       AC:  0    Str: 13    XL:     4   Next: 6%
Magic:  5/5        EV: 13    Int:  9    God:
Gold:   38         SH:  0    Dex: 13    Spells: 5/5 levels left

rFire    . . .     SeeInvis .   a - +0 falchion
rCold    . . .     Faith    .   (no shield)
rNeg     . . .     Spirit   .   b - +0 leather armour
rPois    .         Reflect  .   (no helmet)
rElec    .         Harm     .   i - +0 cloak
rCorr    .         Rampage  .   (no gloves)
Will     .....                  (no boots)
Stlth    ++++......             (no amulet)
HPRegen  0.13/turn              (no ring)
MPRegen  0.09/turn              (no ring)

@: corroded
A: fangs 1, strong nose, distributed training
a: no special abilities


You were on level 5 of the Dungeon.
You visited 1 branch of the dungeon, and saw 1 of its levels.

You collected 38 gold pieces.


Innate Abilities, Weirdness & Mutations

You have very sharp teeth.
Your uncanny sense of smell can sniff out nearby items.
Your experience applies equally to all skills.


   Skills:
 + Level 6.5 Fighting
 + Level 1.0 Short Blades
 + Level 4.6 Long Blades
 + Level 1.0 Axes
 + Level 1.0 Maces & Flails
 + Level 1.0 Polearms
 + Level 1.0 Staves
 + Level 1.0 Slings
 + Level 1.0 Bows
 + Level 1.0 Crossbows
 + Level 1.0 Throwing
 + Level 1.0 Armour
 + Level 4.6 Dodging
 + Level 9.5 Stealth
 + Level 1.0 Shields
 + Level 1.0 Unarmed Combat
 + Level 1.0 Spellcasting
 + Level 0.7 Conjurations
 + Level 0.7 Hexes
 + Level 0.7 Summonings
 + Level 0.7 Necromancy
 + Level 0.7 Translocations
 + Level 0.7 Transmutations
 + Level 0.7 Fire Magic
 + Level 0.7 Ice Magic
 + Level 0.7 Air Magic
 + Level 0.7 Earth Magic
 + Level 0.7 Poison Magic
 + Level 1.1 Invocations
 + Level 1.0 Evocations


You had 5 spell levels left.
You didn't know any spells.
Your spell library was empty.

Inventory:

Hand Weapons
 a - a +0 falchion (weapon)
Missiles
 k - 20 stones (quivered)
Armour
 b - a +0 leather armour (worn)
 i - a +0 cloak (worn)
Wands
 g - a wand of digging (3)
 h - a wand of paralysis (3)
Scrolls
 c - a scroll of fog
 d - a scroll of magic mapping
 e - a scroll of fear
 l - a scroll of teleportation {unknown}
Potions
 f - a potion of haste {@q3}
 j - a potion of berserk rage {unknown}

Dungeon Overview and Level Annotations

Branches:
Dungeon (5/15)
 Temple: D:4-7

Altars:

#.....# # #.....# #.
#.....## #.##......#
#...###...#
#....#...+...# #...
#.###...# #.# #.#....##
# ∆# #@#.######..#
#####J#..#.oo..o#
###...#.##.#.#
...........#.#
.....#.#..#.######
####.#.####.##...######
..............'.....>...
........#####.#.........
.#####........#.........


You could see a jelly.


Message History

The jelly hits you but does no damage.
You hit the jelly.
Your hands burn!
You punch the jelly. You bite the jelly, but do no damage.
The jelly is heavily wounded.
The jelly hits you but does no damage.
You hit the jelly.
Your hands burn!
The jelly is heavily wounded.
The jelly misses you.
You riposte.
You barely miss the jelly.
The jelly is heavily wounded.
You hit the jelly.
Your hands burn!
The jelly is heavily wounded.
The jelly closely misses you.
You hit the jelly. The acid corrodes you!
Your hands burn!
You bite the jelly, but do no damage.
The jelly is severely wounded.
The jelly hits you.
* * * LOW HITPOINT WARNING * * *
You are splashed with acid!
* * * LOW HITPOINT WARNING * * *
You hit the jelly.
Your hands burn!
* * * LOW HITPOINT WARNING * * *
Your bite misses the jelly.
The jelly is severely wounded.
The jelly barely misses you.
You hit the jelly.
Your hands burn!
* * * LOW HITPOINT WARNING * * *
You bite the jelly, but do no damage.
The jelly is severely wounded.
The jelly hits you.
You die...

Skill      XL: |  1  2  3 |
---------------+----------+-----
Stealth        | |  9.5
Short Blades   | 1 |  1.0
Axes           | 1 |  1.0
Maces & Flails | 1 |  1.0
Polearms       | 1 |  1.0
Staves         | 1 |  1.0
Slings         | 1 |  1.0
Bows           | 1 |  1.0
Crossbows      | 1 |  1.0
Throwing       | 1 |  1.0
Armour         | 1 |  1.0
Shields        | 1 |  1.0
Unarmed Combat | 1 |  1.0
Spellcasting   | 1 |  1.0
Invocations    | 1 |  1.1
Evocations     | 1 |  1.0
Fighting       | |  6.5
Long Blades    | |  4.6
Dodging        | |  4.6
Conjurations   | |  0.7
Hexes          | |  0.7
Summonings     | |  0.7
Necromancy     | |  0.7
Translocations | |  0.7
Transmutations | |  0.7
Fire Magic     | |  0.7
Ice Magic      | |  0.7
Air Magic      | |  0.7
Earth Magic    | |  0.7
Poison Magic   | |  0.7

Action                   |  1- 3 |  4- 6 || total
-------------------------+-------+-------++-------
Melee: Falchion          |    29 |     7 ||    36
       Bite              |     1 |     3 ||     4
       Punch             |       |     1 ||     1
 Stab: Sleeping          |     1 |       ||     1
Armor: Leather armour    |     4 |     2 ||     6
Dodge: Dodged            |    12 |     3 ||    15
       Rpst.: Falchion   |     6 |     1 ||     7

Levels and vault maps discovered:
D:5:      minmay_evil_eye, layout_basic, lemuel_temple_firewalk_b

Notes
Turn   | Place    | Note
-------+----------+-------------------------------------------
     0 | D:5      | Reached skill level 9 in Stealth
     0 | D:5      | AIAndy the Gnoll Delver began the quest for the Orb.
     0 | D:5      | Reached XP level 1. HP: 23/23 MP: 1/1
    18 | D:5      | Noticed an ogre
    36 | D:5      | Reached XP level 2. HP: 18/29 MP: 2/2
   120 | D:5      | Noticed a phantom
   192 | D:5      | Noticed an ice beast
   237 | D:5      | Noticed a necrophage
   237 | D:5      | Noticed a scorpion
   265 | D:5      | Reached XP level 3. HP: 19/35 MP: 3/3
   496 | D:5      | Noticed an orc warrior
   533 | D:5      | Reached skill level 1 in Short Blades
   533 | D:5      | Reached skill level 1 in Axes
   533 | D:5      | Reached skill level 1 in Maces & Flails
   533 | D:5      | Reached skill level 1 in Polearms
   533 | D:5      | Reached skill level 1 in Staves
   533 | D:5      | Reached skill level 1 in Slings
   533 | D:5      | Reached skill level 1 in Bows
   533 | D:5      | Reached skill level 1 in Crossbows
   533 | D:5      | Reached skill level 1 in Throwing
   533 | D:5      | Reached skill level 1 in Armour
   533 | D:5      | Reached skill level 1 in Shields
   533 | D:5      | Reached skill level 1 in Unarmed Combat
   533 | D:5      | Reached skill level 1 in Spellcasting
   533 | D:5      | Reached skill level 1 in Invocations
   533 | D:5      | Reached skill level 1 in Evocations
   533 | D:5      | Reached XP level 4. HP: 22/41 MP: 3/5
   639 | D:5      | HP: 3/41 [acid (5)]
   639 | D:5      | Slain by a jelly

Vanquished Creatures
  A bullfrog zombie (D:5)
  A howler monkey skeleton (D:5)
  An adder (D:5)
  A white imp (D:5)
  An adder skeleton (D:5)
5 creatures vanquished.

Table legend: (Time is in decaauts)
 A = Elapsed time spent in this place.
 B = Non-inter-level travel time spent in this place.
 C = Inter-level travel time spent in this place.
 D = Time resting spent in this place.
 E = Time spent auto-exploring this place.
 F = Levels seen in this place.
 G = Mean time per level.
                   A        B        C        D        E       F      G
               +--------+--------+--------+--------+--------+-----+--------+
         Total |    641 |    620 |     21 |    343 |      0 |   1 |  641.0 |
       Dungeon |    641 |    620 |     21 |    343 |      0 |   1 |  641.0 |
               +--------+--------+--------+--------+--------+-----+--------+

Top non-repeatable levels by time:
     D:5: 641 daAuts

Table legend:
 A = Non-vault XP
 B = Vault XP
 C = Vault XP percentage of total XP
 D = Non-vault monster count
 E = Vault monster count
 F = Vault count percentage of total count
                 A         B        C        D         E       F
            +---------+---------+-------+---------+---------+-------
      Total |      72 |      15 |  17.2 |       3 |       2 |  40.0
            +---------+---------+-------+---------+---------+-------
        D:5 |      72 |      15 |  17.2 |       3 |       2 |  40.0
            +---------+---------+-------+---------+---------+-------
